 Dungeon Crawl Stone Soup version 0.25.1-2-g60ff931df9 (webtiles) character file.

Game seed: 17395630080302545634

182694 Chimkentus the Covert (level 18, -22/124 HPs)
             Began as an Octopode Assassin on Aug 10, 2020.
             Was a High Priest of Nemelex Xobeh.
             Shot with an arrow by a deep elf master archer (40 damage)
             ... on level 3 of the Elven Halls on Aug 12, 2020.
             The game lasted 07:08:11 (37055 turns).

Chimkentus the Covert (Octopode Assassin)          Turns: 37055, Time: 07:08:14

Health: -22/124    AC:  1    Str: 17    XL:     18   Next: 34%
Magic:  0/27       EV: 28    Int: 14    God:    Nemelex Xobeh [*****.]
Gold:   2008       SH: 18    Dex: 26    Spells: 3/20 levels left

rFire    + + .     SeeInvis .   j - +8 mithril axe "Arga" {speed, MR+}
rCold    . . .     Gourm    .   O - +5 kite shield
rNeg     . . .     Faith    .   (helmet restricted)
rPois    +         Spirit   +   W - amulet of guardian spirit
rElec    .         Reflect  .   U - ring of protection from fire
rCorr    .         Harm     .   g - +6 ring of dexterity
MR       ++...                  P - +4 ring of evasion
Stlth    +++++++...             I - ring of wizardry
HPRegen  0.30/turn              f - +4 ring of slaying
MPRegen  0.20/turn              E - ring of poison resistance
                                B - ring of protection from fire
                                A - +6 ring of dexterity

@: very slightly contaminated, studying Shields, lightly drained
A: almost no armour, stealthy swim, amphibious, 8 rings, constrict 8, camouflage
1, gelatinous body 1
a: Draw Escape, Draw Destruction, Draw Summoning, Triple Draw, Deal Four, Stack
Five, Renounce Religion


You were on level 3 of the Elven Halls.
You worshipped Nemelex Xobeh.
Nemelex Xobeh was extremely pleased with you.
You were not hungry.

You visited 5 branches of the dungeon, and saw 27 of its levels.
You also visited: Sewer and Ice Cave.

You collected 4277 gold pieces.
You spent 2269 gold pieces at shops.

Inventory:

Hand Weapons
 j - the +8 mithril axe "Arga" (weapon) {speed, MR+}
   (You found it on level 9 of the Dungeon)

   Attacks with this weapon are significantly faster.
   It affects your resistance to hostile enchantments.
 x - the +10 hunting sling of Wariness {freeze, rF+ SInv}
   (You bought it in a shop on level 2 of the Orcish Mines)

   It causes projectiles fired from it to freeze those they strike, causing
   extra injury to most foes and up to half again as much damage against
   particularly susceptible opponents.
   They can also slow down cold-blooded creatures.
   It protects you from fire.
   It lets you see invisible.
 y - the +6 dagger "Jickokk" {venom, +Inv rElec Stlth+}
   (You found it on level 15 of the Dungeon)

   It poisons the flesh of those it strikes.
   It insulates you from electricity.
   It lets you turn invisible.
   It makes you more stealthy.
 z - the +0 dagger of Qosem {elec, +Fly MR+ SInv}
   (You bought it in a shop on level 2 of the Orcish Mines)

   Occasionally, upon striking a foe, it will discharge some electrical energy
   and cause terrible harm.
   It affects your resistance to hostile enchantments.
   It lets you see invisible.
   It lets you fly.
Missiles
 i - 7 curare-tipped darts (quivered)
 k - 2 throwing nets
 H - 104 sling bullets
Armour
 O - a +5 kite shield (worn)
Jewellery
 f - a +4 ring of slaying (on tentacle)
 g - a +6 ring of dexterity (right tentacle)
 s - an uncursed ring of protection from fire
 A - a +6 ring of dexterity (on tentacle)
 B - a ring of protection from fire (on tentacle)
 E - a ring of poison resistance (on tentacle)
 I - a ring of wizardry (on tentacle)
 P - a +4 ring of evasion (on tentacle)
 U - a ring of protection from fire (left tentacle)
 V - an uncursed ring of resist corrosion
 W - an amulet of guardian spirit (around mantle)
 X - an uncursed amulet of the acrobat
 Y - an uncursed ring of ice
 Z - an uncursed ring of ice
Wands
 c - a wand of paralysis (21)
 l - a wand of disintegration (11)
 m - a wand of digging (1)
 w - a wand of acid (1)
 D - a wand of enslavement (5)
 R - a wand of iceblast (2)
 T - a wand of clouds (2)
Scrolls
 e - 13 scrolls of teleportation
 h - a scroll of identify
 n - a scroll of holy word
 p - 4 scrolls of immolation
 u - 3 scrolls of fear
 G - 3 scrolls of summoning
 M - 2 scrolls of fog
 S - a scroll of blinking
Potions
 o - 5 potions of curing
 t - a potion of berserk rage
 v - 2 potions of brilliance
 J - 6 potions of flight
 K - 3 potions of haste
 Q - a potion of invisibility
Books
 b - a manual of Shields
Miscellaneous
 a - a phantom mirror
 C - a lightning rod (4/4)
 L - a box of beasts
Comestibles
 d - 48 rations
 N - 10 chunks of flesh


   Skills:
 * Level 11.5(11.2) Fighting
 + Level 4.3(4.0) Short Blades
 + Level 11.5(11.7) Axes
   Level 5.9(9.2) Maces & Flails
   Level 0.1(7.0) Polearms
 + Level 6.9(8.5) Slings
 + Level 8.4(9.2) Throwing
 * Level 11.8(11.4) Dodging
 + Level 13.0(12.6) Stealth
 * Level 10.7(10.4) Shields
 + Level 1.5(1.2) Spellcasting
 + Level 1.4(1.1) Necromancy
 * Level 9.3(9.0) Transmutations
 * Level 9.4(9.1) Earth Magic
 * Level 12.6(12.3) Invocations
 + Level 8.2(7.8) Evocations


You had 3 spell levels left.
You knew the following spells:

 Your Spells              Type           Power        Failure   Level  Hunger
a - Statue Form           Tmut/Erth      ####.....    52%         6    #######
b - Summon Butterflies    Summ           #.......     19%         1    ##.....
c - Petrify               Tmut/Erth      ####....     4%          4    #####..
d - Animate Skeleton      Necr           N/A          12%         1    ##.....
e - Apportation           Tloc           #.....       19%         1    ##.....
f - Shroud of Golubria    Chrm/Tloc      #.....       26%         2    ###....
g - Swiftness             Chrm/Air       #.......     26%         2    ###....

Your spell library contained the following spells:

 Spells                   Type           Power        Failure   Level  Hunger
 Sandblast                Erth           ####..       1%          1    ##.....
 Pain                     Necr           #...         12%         1    ##.....
 Sublimation of Blood     Necr           #.........   17%         2    ###....
 Corona                   Hex            #......      19%         1    ##.....
 Foxfire                  Conj/Fire      #...         19%         1    ##.....
 Freeze                   Ice            #...         19%         1    ##.....
 Magic Dart               Conj           #...         19%         1    ##.....
 Corpse Rot               Necr/Air       N/A          22%         2    ###....
 Blink                    Tloc           N/A          26%         2    ###....
 Call Imp                 Summ           #.......     26%         2    ###....
 Ensorcelled Hibernation  Hex/Ice        #.....       26%         2    ###....
 Poisonous Vapours        Pois/Air       #.....       26%         2    ###....
 Searing Ray              Conj           #.....       26%         2    ###....
 Slow                     Hex            #.......     26%         2    ###....
 Vampiric Draining        Necr           #.........   32%         3    ####...
 Confusing Touch          Hex            #.......     45%         3    ####...
 Conjure Flame            Conj/Fire      #.......     45%         3    ####...
 Dazzling Flash           Conj/Hex       #.....       45%         3    ####...
 Frozen Ramparts          Ice            #.....       45%         3    ####...
 Gell's Gravitas          Tloc           #.........   45%         3    ####...
 Inner Flame              Hex/Fire       #.......     45%         3    ####...
 Lesser Beckoning         Tloc           #.........   45%         3    ####...
 Mephitic Cloud           Conj/Pois/Air  #.......     45%         3    ####...
 Ozocubu's Armour         Chrm/Ice       #.......     45%         3    ####...
 Portal Projectile        Hex/Tloc       #.....       45%         3    ####...
 Recall                   Summ/Tloc      N/A          45%         3    ####...
 Static Discharge         Conj/Air       #.......     45%         3    ####...
 Teleport Other           Tloc           #.......     45%         3    ####...
 Tukima's Dance           Hex            #.......     45%         3    ####...
 Ice Form                 Ice/Tmut       ##......     28%         4    #####..
 Borgnjor's Vile Clutch   Necr/Erth      ###.......   50%         5    ######.
 Hydra Form               Tmut           ####......   52%         6    #######
 Alistair's Intoxication  Tmut/Pois      ##......     58%         5    ######.
 Irradiate                Conj/Tmut      ##........   58%         5    ######.
 Yara's Violent Unravell  Hex/Tmut       ##........   58%         5    ######.
 Animate Dead             Necr           N/A          71%         4    #####..
 Dispel Undead            Necr           #.......     71%         4    #####..
 Bolt of Magma            Conj/Fire/Erth #.........   78%         5    ######.
 Cause Fear               Hex            #.........   86%         4    #####..
 Fulminant Prism          Conj/Hex       #.........   86%         4    #####..
 Iskenderun's Mystic Bla  Conj/Tloc      #.......     86%         4    #####..
 Passage of Golubria      Tloc           N/A          86%         4    #####..
 Sticky Flame             Conj/Fire      #.......     86%         4    #####..
 Agony                    Necr           #.......     95%         5    ######.
 Dragon Form              Tmut           ####......   97%         7    #######
 Excruciating Wounds      Chrm/Necr      #.........   98%         5    ######.
 Iron Shot                Conj/Erth      ##........   98%         6    #######
 Fireball                 Conj/Fire      #.........   99%         5    ######.
 Iskenderun's Battlesphe  Conj/Chrm      #.......     99%         5    ######.
 Lightning Bolt           Conj/Air       #.........   99%         5    ######.
 Metabolic Englaciation   Hex/Ice        #.........   99%         5    ######.
 Silence                  Hex/Air        #.........   99%         5    ######.
 Summon Mana Viper        Hex/Summ       #.......     99%         5    ######.
 Conjure Ball Lightning   Conj/Air       #.........   100%        6    #######
 Dispersal                Tloc           #.........   100%        6    #######
 Freezing Cloud           Conj/Ice/Air   #.........   100%        6    #######
 Invisibility             Hex            #.......     100%        6    #######
 Ozocubu's Refrigeration  Ice            #.........   100%        6    #######
 Simulacrum               Ice/Necr       #.........   100%        6    #######
 Orb of Destruction       Conj           #.........   100%        7    #######
 Spellforged Servitor     Conj/Summ      #.........   100%        7    #######
 Summon Hydra             Summ           #.........   100%        7    #######
 Controlled Blink         Tloc           N/A          100%        8    #######
 Discord                  Hex            #.........   100%        8    #######
 Disjunction              Tloc           #.........   100%        8    #######
 Ignition                 Fire           #.........   100%        8    #######
 Shatter                  Erth           ####......   100%        9    #######
 Tornado                  Air            #.........   100%        9    #######


Dungeon Overview and Level Annotations

Branches:
Dungeon (15/15)            Temple (1/1) D:5            Lair (6/6) D:8
 Shoals (0/4) Lair:3       Spider (0/4) Lair:4        Slime (0/5) Lair:5
    Orc (2/2) D:10            Elf (3/3) Orc:2        Vaults (0/5) D:13
 Depths (0/5) D:15          Sewer (visited)           IceCv (visited)

Altars:
Ashenzari
Cheibriados
Dithmenos
Elyvilon
Fedhas
Gozag
Hepliaklqana
Kikubaaqudgha
Makhleb
Nemelex Xobeh
Okawaru
Qazlal
Ru
Sif Muna
Trog
Uskayaw
Vehumet
Wu Jian
Xom
Yredelemnul
Zin
The Shining One
Beogh

Shops:
D:5 *   Orc:2 *([(

Annotations:
Elf:2 3 runed translucent doors


Innate Abilities, Weirdness & Mutations

You cannot wear most types of armour.
You are very stealthy in the water. (Stealth+)
You are amphibious.
You can wear up to eight rings at the same time.
You can use your tentacles to constrict eight enemies at once.
Your skin changes colour to match your surroundings (Stealth+).
Your rubbery body absorbs attacks. (AC +1, EV +1)


Message History

You closely miss the deep elf master archer.
Your grab misses the deep elf master archer.
The deep elf master archer is lightly wounded.
You slash the deep elf high priest!
The deep elf master archer shoots an arrow.
The arrow hits you!!
* * * LOW HITPOINT WARNING * * *
x2 The deep elf high priest shouts, "You must be punished!"
The deep elf high priest misses you.
Okay, then.
Okay, then.
Okay, then.
Okay, then.
You draw a card...
You have drawn the Shaft.
Nothing appears to happen.
The deep elf master archer shoots an arrow.
The arrow completely misses you.
The deep elf master archer shoots an arrow.
The arrow hits you!!!
You die...
Your body glows slightly and disappears.

#..........# #..........#
#....####### ##...# ###########
##..# ###...[.(.).### ##.#
###[[=..)).[.[..# ###
##=)[[(![)...[.).} **
##ee##☼##.(}.}.|.[. ,*
##.@##[[○####..(..). ,***
#}."Z##))°[.#####.(. ,,,*
##..=}.###..Z°)).#### *,,*
#(=.(|##,####...e.○°e *,,*****
*#######,,,,,#####.(.○ *,,**,,**
*,,,,,,,,,,,,,,,,##### ,,,*,,,,**
*,,,,,,,,,,,,,,,......
,,,*,,,,,***,,,,,,,,,,,,,⌠,......
,,,*,,,,,,**,,,,,,,,,,,,,,,......


You could see a deep elf master archer, a deep elf high priest and a friendly
deep elf blademaster skeleton.

Vanquished Creatures
  2 deep elf master archers (Elf:3)
  A deep elf blademaster (Elf:3)
  2 sphinxes (D:15)
  A fire giant (D:15)
  An orc warlord (Orc:2)
  3 frost giants
  2 deep elf sorcerers
  4 deep elf elementalists (Elf:3)
  A very ugly thing (D:15)
  2 deep elf demonologists
  4 deep elf annihilators
  Azrael (Elf:2)
  2 ettins (D:15)
  7 deep elf death magi
  3 ogre magi (D:15)
  3 yaktaur captains (D:15)
  3 fire dragons (D:15)
  Harold (Orc:1)
  7 hydras
  A catoblepas (Lair:5)
  5 centaur warriors
  A death knight (D:13)
  5 two-headed ogres
  5 dancing weapons
  A tengu warrior (D:14)
  6 death yaks
  2 deep elf knights
  Sonja (D:11)
  5 orc high priests
  2 shadow wraiths
  7 unseen horrors
  An unseen horror (shapeshifter) (D:15)
  A swamp dragon (Elf:1)
  9 deep elf archers
  A wizard (D:13)
  A lindwurm (Lair:6)
  8 orc knights
  A wolf spider zombie (D:13)
  34 deep elf magi
  2 orc sorcerers (Orc:2)
  3 oklob plants (Lair:5)
  The ghost of harlaan the Thaumaturge, a novice DESu of Sif Muna (D:9)
  2 wolf spiders (Lair:6)
  7 cyclopes
  25 ugly things
  10 manticores
  14 elephants
  6 black mambas
  A guardian serpent (Lair:6)
  5 centaur skeletons
  5 torpor snails (Lair:6)
  A torpor snail (shapeshifter) (D:15)
  16 spiny frogs
  4 gargoyles
  A yaktaur (D:12)
  8 komodo dragons
  A freezing wraith (D:15)
  A kobold demonologist (D:12)
  3 rime drakes
  A tengu conjurer (D:14)
  3 efreet
  A meliai (D:15)
  A merfolk (shapeshifter) (D:13)
  17 polar bears
  8 trolls
  4 tyrant leeches (Lair:6)
  A jumping spider (Elf:1)
  A queen bee (Lair:3)
  12 hippogriffs
  10 hornets
  7 dream sheep (Lair:6)
  4 slime creatures
  4 blink frogs (Lair:1)
  Sigmund (D:3)
  2 water elementals
  A vampire (D:12)
  3 shadows
  An air elemental (Elf:1)
  3 redbacks (Lair:6)
  14 wyverns
  2 wraiths
  5 basilisks
  2 hungry ghosts
  52 yaks
  4 fire elementals
  5 vampire mosquitoes
  A redback simulacrum (D:15)
  5 acid dragons
  6 wargs
  3 hell hounds (Elf:2)
  27 water moccasins
  9 porcupines
  A soldier ant (D:12)
  27 orc warriors
  20 ice beasts
  6 sky beasts
  A black bear (D:7)
  3 eyes of draining
  A necrophage (D:14)
  A phantom (D:9)
  A boggart (D:15)
  9 centaurs
  11 ogres
  27 wolves
  4 big kobolds
  7 crocodiles
  Blork the orc (D:4)
  33 bullfrogs
  24 killer bees
  6 scorpions
  4 wights (D:12)
  3 howler monkeys
  11 crimson imps
  2 jellies
  2 quasits (D:8)
  8 centaur zombies
  8 hounds
  2 bullfrog skeletons
  26 orc priests
  A gnoll shaman (Orc:1)
  Natasha (thrice) (D:4)
  4 iguanas
  15 orc wizards
  5 worker ants
  A hound zombie (D:8)
  A howler monkey zombie (D:6)
  2 worker ant zombies
  7 gnolls
  10 adders
  3 river rats (Sewer)
  3 shadow imps
  3 oozes
  An adder zombie (D:5)
  9 worms
  3 dart slugs
  7 leopard geckos
  102 orcs
  5 bats
  6 giant cockroaches
  13 goblins
  11 hobgoblins
  17 jackals
  23 kobolds
  4 quokkas
  2 ball pythons
  6 frilled lizards (D:2)
  A jackal skeleton (D:5)
  3 quokka skeletons
  14 rats
  3 fungi
  8 plants
1028 creatures vanquished.

Vanquished Creatures (collateral kills)
  2 deep elf sorcerers (Elf:3)
  A deep elf elementalist (Elf:3)
  An ice dragon (Lair:6)
  An ugly thing (D:7)
  A cyclops (D:7)
  An elephant (Lair:6)
  3 water elementals
  An orc warrior (D:7)
  An ogre (D:7)
  A gnoll shaman (D:5)
  2 orc wizards (D:7)
  2 worker ants (D:7)
  A gnoll (D:5)
  A shadow imp (D:7)
  5 orcs
  A quokka (D:7)
  A quokka zombie (D:7)
26 creatures vanquished.

Vanquished Creatures (others)
  2 deep elf knights (Elf:2)
  A deep elf archer (Elf:2)
  3 ugly things (D:14)
  A deep elf mage (Elf:3)
  A vampire (D:15)
  A howler monkey (D:14)
  A quokka (D:4)
  36 fungi
  34 plants
80 creatures vanquished.

Grand Total: 1134 creatures vanquished

Notes
Turn   | Place    | Note
-------+----------+-------------------------------------------
     0 | D:1      | Chimkentus the Octopode Assassin began the quest for the
                  | Orb.
     0 | D:1      | Reached XP level 1. HP: 14/14 MP: 1/1
   500 | D:1      | Reached XP level 2. HP: 19/19 MP: 2/2
   558 | D:1      | Reached skill level 6 in Stealth
  1033 | D:1      | Reached XP level 3. HP: 25/25 MP: 3/3
  2127 | D:2      | Reached XP level 4. HP: 18/30 MP: 4/4
  2565 | D:2      | Found a faded altar of an unknown god.
  2569 | D:2      | Became a worshipper of Nemelex Xobeh the Trickster
  2569 | D:2      | Received a gift from Nemelex Xobeh
  2569 | D:2      | Reached * piety under Nemelex Xobeh
  2592 | D:2      | You fall into a shaft and drop 1 floor!
  2679 | D:3      | Noticed Sigmund
  2685 | D:3      | Killed Sigmund
  2685 | D:3      | Reached skill level 7 in Stealth
  2685 | D:3      | Reached skill level 1 in Invocations
  2685 | D:3      | Reached XP level 5. HP: 36/36 MP: 4/6
  2685 | D:3      | Reached XP level 6. HP: 42/42 MP: 4/7
  2720 | D:3      | Noticed an ice beast
  2724 | D:3      | Killed an ice beast
  2886 | D:2      | Found a hazy altar of Hepliaklqana.
  3337 | D:3      | Reached skill level 8 in Stealth
  3380 | D:3      | Found a snail-covered altar of Cheibriados.
  3431 | D:3      | Reached ** piety under Nemelex Xobeh
  3776 | D:3      | Reached XP level 7. HP: 46/46 MP: 8/8
  3829 | D:4      | Found an iron altar of Okawaru.
  3866 | D:4      | Received a gift from Nemelex Xobeh
  3974 | D:4      | Reached skill level 1 in Evocations
  3986 | D:4      | Found a white marble altar of Elyvilon.
  4093 | D:4      | Noticed Blork the orc
  4290 | D:4      | Noticed Natasha
  4356 | D:4      | Killed Blork the orc
  4539 | D:4      | Reached *** piety under Nemelex Xobeh
  4539 | D:4      | Received a gift from Nemelex Xobeh
  4755 | D:5      | Entered Level 5 of the Dungeon
  4761 | D:5      | Reached XP level 8. HP: 42/54 MP: 10/10
  4781 | D:5      | Found an iron altar of Okawaru.
  4797 | D:5      | Found a glowing drain.
  4809 | Sewer    | Entered a sewer
  5281 | D:5      | Found a stormy altar of Qazlal.
  5283 | D:5      | Found a glowing golden altar of the Shining One.
  5351 | D:5      | Reached skill level 1 in Maces & Flails
  5410 | D:5      | Found Jeinaah's General Store.
  5443 | D:5      | Bought a +0 kite shield for 67 gold pieces
  5727 | D:5      | Found a shimmering blue altar of Sif Muna.
  5755 | D:5      | Found a staircase to the Ecumenical Temple.
  5784 | D:5      | Received a gift from Nemelex Xobeh
  5796 | Temple   | Entered the Ecumenical Temple
  6236 | D:4      | Killed Natasha
  6239 | D:4      | Noticed Natasha
  6246 | D:4      | Killed Natasha
  6336 | D:4      | Noticed Natasha
  6348 | D:4      | Killed Natasha
  6542 | D:6      | Received a gift from Nemelex Xobeh
  6563 | D:6      | Reached skill level 5 in Fighting
  6563 | D:6      | Reached skill level 1 in Shields
  6563 | D:6      | Reached XP level 9. HP: 12/61 MP: 12/12
  6674 | D:6      | Reached **** piety under Nemelex Xobeh
  6918 | D:6      | Found a basalt altar of Yredelemnul.
  6937 | D:6      | Found a shadowy altar of Dithmenos.
  7060 | D:7      | Noticed a cyclops
  7063 | D:7      | Killed a cyclops
  7108 | D:7      | Noticed a green ugly thing
  7112 | D:7      | Killed a green ugly thing
  7150 | D:7      | Reached skill level 5 in Invocations
  7624 | D:8      | Received a gift from Nemelex Xobeh
  7637 | D:8      | Reached skill level 5 in Dodging
  7643 | D:8      | Reached skill level 5 in Maces & Flails
  7649 | D:8      | Reached XP level 10. HP: 51/68 MP: 13/13
  7835 | D:8      | Reached skill level 5 in Evocations
  7843 | D:8      | Noticed a manticore
  7866 | D:8      | Killed a manticore
  7969 | D:8      | Reached skill level 9 in Stealth
  8169 | D:8      | Received a gift from Nemelex Xobeh
  8339 | D:8      | Found a staircase to the Lair.
  8681 | D:8      | Found a basalt altar of Yredelemnul.
  8967 | D:9      | Received a gift from Nemelex Xobeh
  9197 | D:9      | Reached ***** piety under Nemelex Xobeh
  9238 | D:9      | Found a runed translucent door.
  9238 | D:9      | Noticed harlaan's ghost (novice DESu)
  9239 | D:9      | Received a gift from Nemelex Xobeh
  9303 | D:9      | Found the +8 mithril axe "Arga" {speed, MR+}
  9564 | D:9      | Reached skill level 5 in Throwing
  9612 | D:9      | Reached skill level 1 in Axes
  9775 | D:9      | Killed harlaan's ghost
  9775 | D:9      | Reached XP level 11. HP: 74/74 MP: 15/15
  9817 | D:10     | Entered Level 10 of the Dungeon
  9817 | D:10     | Received a gift from Nemelex Xobeh
  9841 | D:10     | Noticed a two-headed ogre
 10400 | D:10     | Found a staircase to the Orcish Mines.
 10498 | D:10     | Received a gift from Nemelex Xobeh
 10958 | D:10     | Killed a two-headed ogre
 11045 | Orc:1    | Entered Level 1 of the Orcish Mines
 11122 | Orc:1    | Received a gift from Nemelex Xobeh
 11174 | Orc:1    | Noticed Harold
 11259 | Orc:1    | Killed Harold
 11259 | Orc:1    | Reached skill level 1 in Slings
 11657 | Orc:2    | Entered Level 2 of the Orcish Mines
 11747 | Orc:2    | Noticed an orc sorcerer
 11780 | Orc:2    | Noticed an orc high priest
 11835 | D:11     | Noticed a manticore
 11989 | Lair:1   | Entered Level 1 of the Lair of Beasts
 11989 | Lair:1   | Received a gift from Nemelex Xobeh
 12088 | Lair:1   | Noticed a four-headed hydra
 12101 | Lair:1   | Reached skill level 5 in Axes
 12101 | Lair:1   | Reached skill level 5 in Shields
 12284 | Lair:1   | Reached XP level 12. HP: 81/81 MP: 17/17
 12326 | Lair:1   | Received a gift from Nemelex Xobeh
 12349 | Lair:1   | Learned a level 6 spell: Statue Form
 12435 | Lair:1   | Reached skill level 10 in Stealth
 12604 | Lair:1   | Reached skill level 1 in Transmutations
 13058 | Lair:1   | Reached skill level 1 in Earth Magic
 13209 | Lair:1   | Killed a four-headed hydra
 13276 | Lair:2   | Received a gift from Nemelex Xobeh
 13292 | Lair:2   | Noticed a six-headed hydra
 13367 | Lair:2   | Found a frozen archway.
 13385 | IceCv    | Entered an ice cave
 13638 | IceCv    | Noticed a death yak
 13652 | IceCv    | Noticed a death yak
 13654 | IceCv    | Killed a death yak
 13668 | IceCv    | Killed a death yak
 13673 | IceCv    | Reached XP level 13. HP: 88/88 MP: 19/19
 13939 | IceCv    | Noticed a frost giant
 13947 | IceCv    | Killed a frost giant
 14099 | IceCv    | Identified the Compendium of the Snowflakes
 14105 | IceCv    | Got a crystal spear
 14110 | IceCv    | Identified the Compendium of the Floating Entourage
 14460 | IceCv    | Learned a level 1 spell: Summon Butterflies
 14657 | Lair:2   | Reached ****** piety under Nemelex Xobeh
 14679 | Lair:2   | Found the +3 robe of Clouds {+Thunder rCloud rElec}
 14921 | Lair:2   | Received a gift from Nemelex Xobeh
 15092 | Lair:2   | Identified the +4 spear of the Final Decision {flame, +Inv
                  | Stlth+} (You found it in an ice cave)
 15559 | Lair:3   | Received a gift from Nemelex Xobeh
 15801 | Lair:3   | Found a staircase to the Shoals.
 16044 | Lair:3   | Got a crystal dagger
 16044 | Lair:3   | Identified the cursed +3 dagger "Ippeuk" {freeze, *Slow
                  | Str-5 Int+3 Dex+10} (You found it on level 3 of the Lair of
                  | Beasts)
 16075 | Lair:3   | Received a gift from Nemelex Xobeh
 16650 | D:5      | Bought a scroll of enchant weapon for 112 gold pieces
 16650 | D:5      | Bought 2 throwing nets for 90 gold pieces
 16650 | D:5      | Bought a book of Minor Magic for 300 gold pieces
 16866 | Lair:4   | Found a hole to the Spider Nest.
 17369 | Lair:4   | Reached XP level 14. HP: 97/97 MP: 21/21
 17527 | Lair:4   | Received a gift from Nemelex Xobeh
 17645 | Lair:4   | Reached skill level 5 in Transmutations
 17847 | Lair:4   | Received a gift from Nemelex Xobeh
 18272 | Lair:5   | Received a gift from Nemelex Xobeh
 18412 | Lair:5   | Reached skill level 11 in Stealth
 18497 | Lair:5   | Found a staircase to the Slime Pits.
 18811 | Lair:5   | Received a gift from Nemelex Xobeh
 19716 | Lair:6   | Entered Level 6 of the Lair of Beasts
 19863 | Lair:6   | Reached skill level 5 in Earth Magic
 20968 | Lair:6   | Reached skill level 10 in Invocations
 20975 | Lair:6   | Received a gift from Nemelex Xobeh
 21405 | Lair:6   | Found a runed translucent door.
 21827 | Lair:6   | Reached XP level 15. HP: 102/102 MP: 22/22
 22878 | Orc:2    | Found Ron Qem's Antique Weapon Shop.
 22889 | Orc:2    | Bought a warped dagger for 266 gold pieces
 22889 | Orc:2    | Identified the cursed +0 dagger of Qosem {elec, +Fly MR+
                  | SInv} (You bought it in a shop on level 2 of the Orcish
                  | Mines)
 23001 | Orc:2    | Received a gift from Nemelex Xobeh
 23184 | Orc:2    | Noticed an orc warlord
 23236 | Orc:2    | Killed an orc warlord
 23352 | Orc:2    | Found Siuxtis's Antique Armour Boutique.
 23784 | Orc:2    | Found Assei's Weapon Boutique.
 23813 | Orc:2    | Received a gift from Nemelex Xobeh
 23815 | Orc:2    | Found Noarycs's Book Boutique.
 23949 | Orc:2    | Found a roughly hewn altar of Beogh.
 23970 | Orc:2    | Found Cikloi's General Store.
 24011 | Orc:2    | Found a staircase to the Elven Halls.
 24271 | Orc:2    | Bought the +10 hunting sling of Wariness {freeze, rF+ SInv}
                  | for 992 gold pieces
 24303 | Orc:2    | Bought a wand of iceblast (5) for 153 gold pieces
 24303 | Orc:2    | Bought a wand of paralysis (8) for 170 gold pieces
 24303 | Orc:2    | Bought a scroll of identify for 34 gold pieces
 24308 | Orc:2    | Bought a potion of berserk rage for 85 gold pieces
 24691 | D:11     | Noticed Sonja
 24707 | D:11     | Killed Sonja
 25213 | D:12     | Received a gift from Nemelex Xobeh
 25371 | D:12     | Reached skill level 10 in Axes
 25456 | D:12     | Reached skill level 10 in Fighting
 25572 | D:12     | Reached skill level 10 in Dodging
 25653 | D:12     | Received a gift from Nemelex Xobeh
 26931 | D:13     | Reached XP level 16. HP: 109/109 MP: 24/24
 26932 | D:13     | Received a gift from Nemelex Xobeh
 27721 | D:13     | Received a gift from Nemelex Xobeh
 27927 | D:13     | Found a gate to the Vaults.
 28088 | D:14     | Received a gift from Nemelex Xobeh
 28323 | D:14     | Reached skill level 5 in Slings
 28539 | D:14     | Reached skill level 12 in Stealth
 28690 | D:14     | Found a roughly hewn altar of Beogh.
 28828 | D:14     | Received a gift from Nemelex Xobeh
 29058 | D:15     | Entered Level 15 of the Dungeon
 29802 | D:15     | Found a sacrificial altar of Ru.
 29804 | D:15     | Found an opulent altar of Gozag.
 29883 | D:15     | Received a gift from Nemelex Xobeh
 29902 | D:15     | Found a staircase to the Depths.
 29965 | D:15     | Found a hazy altar of Hepliaklqana.
 30731 | D:15     | Identified the +6 dagger "Jickokk" {venom, +Inv rElec
                  | Stlth+} (You found it on level 15 of the Dungeon)
 30739 | D:15     | Identified Ehinomm's Collected Works on Dusty Unholy Magic
 31085 | D:15     | Noticed a sphinx
 31095 | D:15     | Killed a sphinx
 31362 | D:15     | Reached XP level 17. HP: 106/116 MP: 21/25
 31379 | D:15     | Received a gift from Nemelex Xobeh
 31480 | D:15     | Noticed a sphinx
 31626 | D:15     | Killed a sphinx
 32430 | D:15     | Learned a level 4 spell: Petrify
 32772 | Elf:1    | Entered Level 1 of the Elven Halls
 33372 | Elf:1    | Learned a level 1 spell: Animate Skeleton
 33610 | Elf:1    | Reached skill level 10 in Shields
 33943 | Elf:1    | Received a gift from Nemelex Xobeh
 33999 | Elf:1    | Identified Sif Muna's Volume of Attacks
 34435 | Elf:2    | Noticed Azrael
 34513 | Elf:2    | Killed Azrael
 34546 | Elf:2    | Found a runed translucent gate.
 34546 | Elf:2    | Found a runed translucent gate.
 34557 | Elf:2    | Found a runed translucent gate.
 34792 | Elf:2    | Reached skill level 1 in Spellcasting
 35142 | Elf:3    | Entered Level 3 of the Elven Halls
 35707 | Elf:3    | Received a gift from Nemelex Xobeh
 35874 | Elf:3    | Got a brightly glowing platinum ring
 35876 | Elf:3    | Identified the ring "Ankaafic" {*Tele *Drain rPois rN+
                  | Dex+4} (You found it on level 3 of the Elven Halls)
 35894 | Elf:3    | Reached skill level 1 in Necromancy
 35902 | Elf:3    | Identified the Incunabulum of Aerial Evil
 35926 | Elf:3    | Identified the +4 hand axe of Urofuss {vorpal, Str+2 Int+3}
                  | (You found it on level 3 of the Elven Halls)
 35988 | Elf:3    | Reached XP level 18. HP: 106/124 MP: 24/27
 36001 | Elf:3    | Identified a scroll of acquirement
 36033 | Elf:3    | Identified the cursed ring "Guushudd" {EV-4 SInv} (You
                  | found it on level 3 of the Elven Halls)
 36050 | Elf:3    | Acquired a manual of Shields
 36135 | Elf:3    | Noticed a deep elf master archer
 36169 | Elf:3    | Killed a deep elf master archer
 36246 | Elf:3    | Learned a level 1 spell: Apportation
 36557 | Elf:3    | Reached skill level 13 in Stealth
 36691 | Elf:3    | Learned a level 2 spell: Shroud of Golubria
 36694 | Elf:3    | Learned a level 2 spell: Swiftness
 36872 | Elf:3    | Noticed a deep elf master archer
 36889 | Elf:3    | Killed a deep elf master archer
 36964 | Elf:3    | Noticed a deep elf blademaster
 36974 | Elf:3    | Killed a deep elf blademaster
 37025 | Elf:3    | Noticed a deep elf master archer
 37055 | Elf:3    | Shot with an arrow by a deep elf master archer

Illustrated notes

Levels and vault maps discovered:
D:1:      minmay_arrival_widening_spiral_narrow, layout_basic
D:2:      layout_loops_cross, lemuel_crystal_altar,
          chequers_ecumenical_altar_twisty, first_ration, minmay_box_of_dots
D:3:      layout_loops_cross, kennysheep_slug_shrine, solitary_fountain,
          uniq_sigmund
D:4:      layout_rooms, elyvilon_altar_4, nicolae_overflow_hidden_temple,
          uniq_blork_the_orc, uniq_natasha
D:5:      layout_cave_pools, minitemple, led_sif_pool,
          minmay_temple_entry_junction_2, serial_shops, shop_statue,
          cheibrodos_sewer_entry_bend, basic_altar, kennysheep_dice
D:6:      layout_rooms, grunt_dithmenos_smoke_and_mirrors, basic_altar
D:7:      layout_basic, grunt_ogre_cave, skrybe_limestone_x
D:8:      wad_guarded_room, layout_basic, marbit_many_paths,
          erik_lair_orcish_takeover
D:9:      layout_irregular_city, hellmonk_ghost_happy_afterlife
D:10:     layout_loops_corners, hiddenorc2_lemuel, minivault_27,
          mumra_transporter_accident
D:11:     layout_loops_ring, uniq_sonja
D:12:     minmay_the_grid_3x3 [minmay_the_grid_large_cup,
          minmay_the_grid_plusring, minmay_the_grid_mess,
          minmay_the_grid_outer_circle, minmay_the_grid_medium_cups,
          minmay_the_grid_rooms, minmay_the_grid_aliased_spiral,
          minmay_the_grid_embedded, minmay_the_grid_prize_four_corners],
          layout_basic, minmay_misc_feat_chi
D:13:     layout_cave_pods, david_vaults_4
D:14:     layout_roguey, minivault_4, david_defended_altar_orc
D:15:     hangedman_slaughterboxes, serial_shops
Temple:   nicolae_temple_figure_eight
Lair:1:   layout_cave_pods
Lair:2:   layout_misc_corridors, portal_ice_cave_entry_ice_beasts,
          infiniplex_staircase_pool
Lair:3:   layout_long_grid, shoals_dummy_entry, special_room [special_room_bee],
          grunt_megastairs_1
Lair:4:   layout_cellular_growth, dummy_spider_entry, beast_lair_carwin_9
Lair:5:   wander_river, layout_regular_city, minmay_slime_entry_oklob_enclosed,
          serial_bayou_shore_b
Lair:6:   wormcave, layout_loops_ring, hangedman_lair_tendril_chambers
Orc:1:    layout_caves, uniq_harold
Orc:2:    grunt_orc_gardens, layout_caves, grunt_orc_garden, grunt_orc_garden,
          grunt_orc_garden, grunt_orc_garden, serial_shops, shop, basic_altar
Elf:1:    minmay_elf_arrival_summoners, layout_gridlike, minmay_elf_annihilation
Elf:2:    layout_gridlike, uniq_azrael
Elf:3:    minmay_elf_hall_circle, layout_gridlike

Skill      XL: |  1  2  3  4  5  6  7  8  9 10 11 12 13 14 15 16 17 18 |
---------------+-------------------------------------------------------+-----
Stealth        | 6 7 8 9 10 11 12 13 | 13.0
Fighting       | 3 4 5 6 7 8 9 10 11 | 11.5
Throwing       | 3 4 5 6 7 8 |  8.4
Invocations    | 1 2 3 4 5 6 7 8 9 10 11 12 | 12.6
Dodging        | 2 3 5 6 7 8 9 10 11 | 11.8
Evocations     | 2 3 4 6 7 8 |  8.2
Short Blades   | 3 4 |  4.3
Maces & Flails | 3 5 |  5.9
Shields        | 1 2 4 5 6 7 8 9 10 | 10.7
Axes           | 2 5 6 8 9 10 11 | 11.5
Slings         | 1 2 4 5 6 |  6.9
Transmutations | 3 4 6 7 8 9 |  9.3
Earth Magic    | 2 4 5 7 8 9 |  9.4
Spellcasting   | 1 |  1.5
Necromancy     | 1 |  1.4
Polearms       | |  0.1

Action                   |  1- 3 |  4- 6 |  7- 9 | 10-12 | 13-15 | 16-18 || total
-------------------------+-------+-------+-------+-------+-------+-------++-------
Melee: Dagger            |    62 |    71 |    66 |    52 |    99 |   195 ||   545
       Constrict         |    18 |    12 |    58 |    81 |    72 |    74 ||   315
       Tentacles         |     7 |    13 |    52 |    90 |   208 |   186 ||   556
       Morningstar       |       |       |   180 |    65 |       |       ||   245
       Broad axe         |       |       |       |   360 |   532 |   358 ||  1250
       Spear             |       |       |       |       |       |     6 ||     6
 Fire: Hunting sling     |       |       |     7 |    65 |   185 |   335 ||   592
Throw: Dart              |    36 |    18 |    63 |    66 |    29 |    22 ||   234
       Stone             |       |       |     1 |       |       |       ||     1
       Throwing net      |       |       |     1 |     3 |    10 |     1 ||    15
       Boomerang         |       |       |       |    35 |   346 |       ||   381
       Javelin           |       |       |       |       |    43 |       ||    43
 Cast: Animate Skeleton  |       |       |       |       |       |    32 ||    32
       Petrify           |       |       |       |       |       |     2 ||     2
       Shroud of Golubri |       |       |       |       |       |     1 ||     1
Invok: Draw Destruction  |       |       |     2 |       |     5 |       ||     7
       Draw Summoning    |       |       |     3 |       |     1 |     1 ||     5
       Draw Escape       |       |       |     1 |       |       |     1 ||     2
       Triple Draw       |       |       |       |       |     4 |     5 ||     9
 Abil: Evoke Invisibilit |       |       |       |       |     1 |    10 ||    11
Evoke: Wand              |       |       |     1 |    18 |    41 |    31 ||    91
       Lightning rod     |       |       |       |     6 |    12 |     5 ||    23
  Use: Potion            |       |     4 |     1 |     3 |     5 |     6 ||    19
       Scroll            |       |       |    15 |    13 |    15 |    19 ||    62
 Stab: Sleeping          |     7 |    29 |    16 |    28 |    49 |    37 ||   166
       Paralysed         |       |       |     1 |     5 |     1 |     3 ||    10
       Confused          |       |       |       |     1 |       |       ||     1
       Held in net/web   |       |       |       |     1 |     7 |       ||     8
       Distracted        |       |       |       |       |     3 |     3 ||     6
       Invisible         |       |       |       |       |       |    14 ||    14
       Petrified         |       |       |       |       |       |     2 ||     2
  Eat: Chunk             |     4 |     5 |    12 |    19 |    39 |    28 ||   107
       Ration            |       |       |       |       |     1 |     3 ||     4
Armor: Skin              |     3 |     2 |     6 |     4 |     4 |     3 ||    22
Dodge: Dodged            |    59 |    16 |   150 |   185 |   290 |   235 ||   935
Block: Kite shield       |       |       |    41 |   227 |   318 |   282 ||   868
